 Dungeon Crawl Stone Soup version 0.18.1-5-g4a78601 (webtiles) character file.

242 TheHangedMan the Conjurer (level 5, -9/31 HPs)
             Began as a High Elf Wizard on May 11, 2016.
             Killed by divine providence
             ... invoked by an orc priest
              (11 damage)
             ... on level 4 of the Dungeon.
             The game lasted 00:13:17 (4427 turns).

TheHangedMan the Conjurer (High Elf Wizard)         Turns: 4427, Time: 00:13:18

Health: -9/31      AC:  2    Str:  6    XL:     5   Next: 82%
Magic:  0/11       EV: 13    Int: 22    God:
Gold:   144        SH:  0    Dex: 14    Spells: 4 memorised, 2 levels left

rFire  . . .     SeeInvis .     p - -2 whip (curse)
rCold  . . .     Gourm    .     a - +0 robe
rNeg   . . .     Faith    .     (no shield)
rPois  .         Spirit   +     b - +0 hat
rElec  .         Dismiss  .     (no cloak)
rCorr  .         Reflect  .     (no gloves)
SustAt .         Harm     .     (no boots)
MR     .....     Rnd*Tele +     v - amulet of guardian spirit
Stlth  ++........               (no ring)
                                e - ring of teleportation (curse)

@: not resistant to hostile enchantments, unstealthy
A: no striking features
a: no special abilities


You were on level 4 of the Dungeon.
You were not hungry.

You visited 1 branch of the dungeon, and saw 4 of its levels.

You collected 144 gold pieces.

Inventory:

Hand Weapons
 g - a cursed -2 spear
 i - a +0 trident
 n - a +1 hand axe of draining
 p - a cursed -2 whip (weapon)
 r - a cursed -1 short sword
Armour
 a - a +0 robe (worn)
 b - a +0 hat (worn)
Jewellery
 e - a cursed ring of teleportation (left hand)
 v - an amulet of guardian spirit (around neck)
Wands
 m - a wand of lightning (4/15)
 u - a wand of random effects (40/48)
Scrolls
 f - 4 scrolls of identify
Potions
 h - a potion of berserk rage
 j - 4 potions of curing
 k - a potion of heal wounds {unknown}
 l - a potion of mutation {unknown}
 o - 2 potions of cancellation {unknown}
 t - 2 potions of invisibility {unknown}
Books
 c - a book of Minor Magic

   Spells                             Type                      Level
   a - Magic Dart                     Conjuration                  1
   b - Blink                          Translocation                2
   c - Call Imp                       Summoning                    2
   d - Repel Missiles                 Charms/Air                   2
   e - Slow                           Hexes                        2
   f - Conjure Flame                  Conjuration/Fire             3
   g - Mephitic Cloud                 Conjuration/Poison/Air       3
Comestibles
 d - 2 bread rations
 s - a beef jerky
 w - a meat ration


   Skills:
 - Level 2.5 Dodging
 - Level 2.2 Stealth
 - Level 3.6 Spellcasting
 + Level 6.2 Conjurations
   Level 0.8 Summonings
 - Level 1.1 Translocations


You had 2 spell levels left.
You knew the following spells:

 Your Spells              Type           Power        Failure   Level  Hunger
a - Magic Dart            Conj           ####         1%          1    None
b - Blink                 Tloc           N/A          12%         2    #......
c - Conjure Flame         Conj/Fire      ###.....     12%         3    ###....
d - Mephitic Cloud        Conj/Pois/Air  ##......     17%         3    ###....


Dungeon Overview and Level Annotations

Branches:
Dungeon (4/15)
 Temple: D:4-7

Altars:
Ashenzari


Message History

Found a scroll labeled FIXEUDAL GAFA.
An orc priest comes into view. It is wielding a club.
Casting: Magic Dart
Confirm with . or Enter, or press ? or * to list all spells.
You don't have enough magic to cast that spell.
The orc priest shouts!
The orc priest casts a cantrip, but nothing happens.
The orc priest calls down the wrath of Beogh upon you.
Beogh smites you!
* * * LOW HITPOINT WARNING * * *
Found 15 stones.
An adder comes into view.
All of the chunks of flesh in your inventory have rotted away.
The orc warrior hits you but does no damage.
Things that are here:
a dagger; a robe; an orc corpse
There is an open door, spattered with blood here.
The orc priest invokes the aid of Beogh against you.
Beogh smites you!
You die...

#......#....##.........
#......+...............
#......#..............S
#......#?........)...(.
+......#...o...........
#...........##...##....
######.######)o.# ...
#......#o..# ..
#..@.o.o...# .
#......#...#
#......#...#
#......#..)#
#......##### ########


You could see an orc warrior, an orc priest and an orc.

Vanquished Creatures
  An orc priest (D:4)
  An orc wizard (D:4)
  4 gnolls (D:3)
  4 adders
  An ooze (D:2)
  4 worms (D:2)
  3 dart slugs
  6 giant geckos
  9 orcs
  A ball python (D:3)
  4 giant cockroaches
  A goblin (D:3)
  13 hobgoblins
  2 jackals (D:3)
  9 kobolds
  A quokka (D:3)
  7 bats
  2 giant newts
  3 rats (D:3)
76 creatures vanquished.

Notes
Turn   | Place    | Note
--------------------------------------------------------------
     0 | D:1      | TheHangedMan the High Elf Wizard began the quest for the Orb.
     0 | D:1      | Reached XP level 1. HP: 11/11 MP: 6/6
   387 | D:1      | Reached XP level 2. HP: 8/17 MP: 4/7
   632 | D:1      | Reached skill level 2 in Conjurations
  1202 | D:2      | Reached skill level 3 in Conjurations
  1202 | D:2      | Reached XP level 3. HP: 21/21 MP: 3/9
  1206 | D:2      | Learned a level 2 spell: Blink
  1210 | D:2      | Learned a level 3 spell: Conjure Flame
  1214 | D:2      | Learned a level 3 spell: Mephitic Cloud
  2521 | D:3      | Reached XP level 4. HP: 11/27 MP: 1/10
  2530 | D:3      | Reached skill level 4 in Conjurations
  2604 | D:2      | HP: 1/27 [adder (2)]
  3346 | D:3      | Found a shattered altar of Ashenzari.
  3624 | D:3      | Reached skill level 5 in Conjurations
  3624 | D:3      | Reached XP level 5. HP: 31/31 MP: 4/11
  4396 | D:4      | Noticed an orc warrior
  4402 | D:4      | Reached skill level 6 in Conjurations
  4409 | D:4      | Noticed an ogre
  4416 | D:4      | HP: 1/31 [orc priest/divine providence (12)]
  4427 | D:4      | Killed from afar by an orc priest

Skill      XL: |  1  2  3  4  5 |
---------------+----------------+-----
Conjurations   | 3 5 6 |  6.2
Dodging        | |  2.5
Stealth        | |  2.2
Spellcasting   | |  3.6
Summonings     | |  0.8
Translocations | |  1.1

Action                   |  1- 3 |  4- 6 || total
-------------------------+-------+-------++-------
Melee: Unarmed           |     4 |       ||     4
       Hand axe          |     7 |       ||     7
       Dagger            |     3 |       ||     3
       Whip              |       |    11 ||    11
       Trident           |       |     2 ||     2
 Cast: Magic Dart        |   127 |   110 ||   237
       Conjure Flame     |     1 |     3 ||     4
       Blink             |     1 |     1 ||     2
  Use: Scroll            |       |     4 ||     4
       Potion            |       |     1 ||     1
  Eat: Chunk             |     5 |     6 ||    11
Armor: Robe              |    18 |    12 ||    30
Dodge: Dodged            |    43 |    54 ||    97
